 Dungeon Crawl Stone Soup version 0.30-a0-168-g0b976cbdc4 (webtiles) character file.

Game seed: 9654069893702620694

67 qw the Chopper (level 4, -3/28 HPs)
             Began as a Gargoyle Fighter on Sept 29, 2022.
             Slain by a goblin
             ... wielding a +0 club
             ... led by Robin
              (6 damage)
             ... on level 2 of the Dungeon.
             The game lasted 00:00:35 (1889 turns).

qw the Chopper (Gargoyle Fighter)                   Turns: 1889, Time: 00:00:35

Health: -3/28      AC: 11    Str: 20 (22) XL:     4   Next: 16%
Magic:  4/4        EV:  9    Int:  5 (8)  God:
Gold:   62         SH:  4    Dex:  9      Spells: 3/3 levels left

rFire   . . .      SeeInvis .    Y - +0 war axe
rCold   . . .      Faith    .    c - +0 buckler
rNeg    + . .      Spirit   .    b - +0 scale mail
rPois   inf        Reflect  .    i - +0 helmet
rElec   +          Harm     .    (no cloak)
rCorr   .          Rampage  .    (no gloves)
Will    .....                    (no boots)
Stlth   ..........               (no amulet)
HPRegen 0.09/turn                (no ring)
MPRegen 0.09/turn                (no ring)

@: about to teleport
A: sickness immunity, AC +3, negative energy resistance 1, electricity
resistance, torment resistance 1, petrification resistance
a: no special abilities


You were on level 2 of the Dungeon.
You visited 1 branch of the dungeon, and saw 3 of its levels.

You collected 62 gold pieces.


Innate Abilities, Weirdness & Mutations

You are immune to sickness and miasma.
Your stone body is resilient. (AC +3)
You are immune to poison.
You resist negative energy. (rN+)
You are resistant to electric shocks. (rElec)
You are resistant to unholy torment.
You are immune to petrification.


   Skills:
 - Level 3.2 Fighting
 + Level 3.9 Axes
 - Level 3.2 Armour
 - Level 3.2 Shields


You had 3 spell levels left.
You didn't know any spells.
Your spell library was empty.

Inventory:

Hand Weapons
 g - a +0 mace
 Y - a +0 war axe (weapon)
Armour
 b - a +0 scale mail (worn)
 c - a +0 buckler (worn)
 i - a +0 helmet (worn)
Scrolls
 h - a scroll of identify
Potions
 d - a potion of might

Dungeon Overview and Level Annotations

Branches:
Dungeon (3/15)

Altars:

Annotations:
D:3 Robin


Message History

Enter note:
1878 ||| STAIRDANCE The goblin closely misses you.
You climb upwards.
There is a stone staircase leading down here.
You barely miss the goblin. The goblin hits you but does no damage.
You hit the goblin.
You kill the goblin!
Done exploring.
(D) Dungeon
Where to? (* - list waypoints, Enter - D:3, ? - help)
What level of the Dungeon? (default 1, ? - help)
You climb downwards.
Level annotation: Robin The goblin barely misses you.
The goblin closely misses you.
Robin roars a battlecry!
The goblins go into a battle-frenzy!
You block the hobgoblin's attack. x2; The goblin hits you with a +0 dagger.
There is a stone staircase leading up here.
1884 ||| STAIRDANCE The goblin hits you but does no damage.
The hobgoblin hits you. The goblin hits you but does no damage.
The goblin hits you with a +0 club. The hobgoblin barely misses you.
The goblin hits you with a +0 dagger.
You climb upwards.
There is a stone staircase leading down here.
You miss the goblin. You closely miss the hobgoblin.
The goblin barely misses you. The hobgoblin hits you.
The goblin closely misses you.
The hobgoblin hits you but does no damage.
1887 ||| READING scroll of teleportation.
As you read the scroll of teleportation, it crumbles to dust.
You feel strangely unstable. The goblin hits you but does no damage.
The hobgoblin hits you.
You completely miss the goblin. You hit the hobgoblin but do no damage.
The goblin barely misses you. The hobgoblin hits you.
You hit the goblin but do no damage. You hit the hobgoblin.
You kill the hobgoblin!
The goblin hits you with a +0 club.
You die...

#.# ###################### #.#
.....................# #.#
####################.#########.##
#.#..........# #.#.#######.##
########## #.#.# #.#
#........######### #.#.#######.#
.........'...ggg@# #.#.#.......#
.........#######%# #.#.#.#######
.........# #g# #.#.#.# .........#
#g# #.#.#.# .........# #.#
#.#.#.# ..%......# #.# #.#.#.#
.#'#############.###.#.#.#
.#...................#.#.#######
.###############.#####.#.......#


You could see a hobgoblin (strong) and 4 goblins.

Vanquished Creatures
  3 adders (D:2)
  An ufetubus (D:2)
  A worm (D:2)
  A dart slug (D:2)
  5 ball pythons
  3 endoplasms
  A giant cockroach (D:2)
  A goblin (D:2)
  4 hobgoblins (D:2)
  4 kobolds
  2 bats (D:2)
  2 frilled lizards (D:2)
  5 rats
33 creatures vanquished.

Notes
Turn   | Place    | Note
-------+----------+-------------------------------------------
     0 | D:1      | qw the Gargoyle Fighter began the quest for the Orb.
     0 | D:1      | Reached XP level 1. HP: 14/14 MP: 1/1
     0 | D:1      | 0 ||| qw: Version: 0.2-a-12-gaebbb33
     0 | D:1      | 0 ||| qw: Game counter: 1175
     0 | D:1      | 0 ||| qw: Always use a shield: true
     0 | D:1      | 0 ||| qw: God list: Okawaru
     0 | D:1      | 0 ||| qw: Allow faded altars: false
     0 | D:1      | 0 ||| qw: Do Orc after D:15 true
     0 | D:1      | 0 ||| qw: Do second Lair branch before Depths: true
     0 | D:1      | 0 ||| qw: Lair rune preference: random
     0 | D:1      | 0 ||| qw: Plans: Normal, Zot:1-4, God:TSO, Crypt, Tomb,
                  | Pan, Slime:5, Hells, Abyss, Orb
     0 | D:1      | 0 ||| PLANNING D:1-11
   119 | D:1      | Found a faded altar of an unknown god.
   339 | D:1      | Reached XP level 2. HP: 19/19 MP: 2/2
   519 | D:1      | 519 ||| READING scroll labelled GORHIDAHIY.
   522 | D:1      | 522 ||| DRINKING 2 viscous silvery potions.
   523 | D:1      | 523 ||| DROPPING potion of degeneration.
   723 | D:2      | 723 ||| Stepping ~*~*~tactically~*~*~ (stealth).
   724 | D:2      | 724 ||| Stepping ~*~*~tactically~*~*~ (stealth).
   737 | D:2      | Reached skill level 3 in Axes
   742 | D:2      | Reached XP level 3. HP: 14/23 MP: 3/3
  1192 | D:2      | 1192 ||| Stepping ~*~*~tactically~*~*~ (stealth).
  1299 | D:2      | Reached XP level 4. HP: 28/28 MP: 4/4
  1848 | D:2      | 1848 ||| UPGRADING to +0 helmet.
  1853 | D:2      | 1853 ||| READING scroll labelled YXO NI MYM.
  1854 | D:2      | 1854 ||| READING scroll labelled FEH BUWANT.
  1855 | D:2      | 1855 ||| READING 2 scrolls labelled POPOKU BEAQ.
  1877 | D:3      | Noticed Robin
  1878 | D:3      | 1878 ||| STAIRDANCE
  1884 | D:3      | 1884 ||| STAIRDANCE
  1886 | D:2      | HP: 7/28 [hobgoblin[Robin] (6)]
  1887 | D:2      | 1887 ||| READING scroll of teleportation.
  1888 | D:2      | HP: 3/28 [hobgoblin[Robin] (3)]
  1889 | D:2      | Slain by a goblin

Levels and vault maps discovered:
D:1:      amcnicky_arrival_abandoned_market, layout_basic,
          hellmonk_ecumenical_altar_inner_sanctum
D:2:      layout_basic, serial_bayou_pond_d
D:3:      layout_rooms, nicolae_uskayaw_murder_on_the_dancefloor, uniq_terence,
          uniq_robin

Skill      XL: |  1  2 |
---------------+-------+-----
Axes           | 2 3 |  3.9
Fighting       | |  3.2
Armour         | |  3.2
Shields        | |  3.2

Action                   |  1- 3 |  4- 6 || total
-------------------------+-------+-------++-------
Melee: War axe           |    81 |    21 ||   102
  Use: Scroll            |     1 |     4 ||     5
       Potion            |     1 |       ||     1
Armor: Scale mail        |    57 |    12 ||    69
Dodge: Dodged            |    37 |     9 ||    46
Block: Buckler           |    23 |     2 ||    25

Table legend:
 A = Non-vault XP
 B = Vault XP
 C = Vault XP percentage of total XP
 D = Non-vault monster count
 E = Vault monster count
 F = Vault count percentage of total count
                 A         B        C        D         E       F
            +---------+---------+-------+---------+---------+-------
      Total |      94 |       4 |   4.1 |      31 |       2 |   6.1
            +---------+---------+-------+---------+---------+-------
        D:1 |      11 |       0 |   0.0 |       7 |       0 |   0.0
        D:2 |      83 |       4 |   4.6 |      24 |       2 |   7.7
            +---------+---------+-------+---------+---------+-------
